AoeStats
← pcreek

Fortress

510522061Analyzed
1v1 RM · 18h ago on Oct 1, 2026· 93m 14s· 2 players
Game mode
Random Map
Map size
Small (3 player)
Population
200
Speed
Normal
Resources
Standard
Victory
Conquest
Starting age
Dark Age
Ending age
Imperial Age
RankedLock teamsTeams togetherTeam positionsShared explorationLock speedFull tech treeHidden civsTurbo modeCheats
Victory
Defeat
🇨🇳 Portuguese · China
520
+15
🇬🇧 Teutons · United Kingdom
509
-15
pcreek
7:02 Feudal Age
12:29 Double-Bit Axe
12:16 Man-at-Arms
15:46 Castle Age
15:52 Horse Collar
19:18 Scale Mail Armor
19:11 Fletching
24:23 Imperial Age
24:49 Loom
25:43 Wheelbarrow
26:11 Fervor
26:17 Block Printing
26:44 Stone Mining
29:09 Chemistry
28:20 Fortified Wall
28:24 Town Watch
29:38 Bow Saw
29:30 Heavy Plow
29:42 Padded Archer Armor
33:21 Leather Archer Armor
33:01 Bodkin Arrow
33:12 Scale Barding Armor
32:35 Cavalier
37:13 Crenellations
37:16 Ironclad
36:17 Elite Teutonic Knight
40:47 Illumination
40:26 Atonement
40:37 Redemption
41:27 Paladin
45:26 Chain Barding Armor
49:58 Plate Barding Armor
49:39 Chain Mail Armor
49:49 Ballistics
49:46 Gold Mining
49:31 Pikeman
50:17 Squires
50:19 Halberdier
54:36 Bloodlines
59:10 Forging
59:32 Plate Mail Armor
59:50 Ring Archer Armor
60:06 Guilds
63:28 Iron Casting
78:15 Theocracy
78:03 Sanctity
85:52 Two-Man Saw
等风起时
0:39 Loom
6:22 Feudal Age
15:35 Castle Age
14:19 Man-at-Arms
14:45 Arson
15:40 Double-Bit Axe
18:54 Gold Mining
19:01 Stone Mining
25:14 Bow Saw
24:49 Horse Collar
30:40 Imperial Age
31:43 Wheelbarrow
30:54 Town Watch
31:13 Heavy Plow
31:52 Stone Shaft Mining
32:46 Elite Organ Gun
34:09 Ballistics
34:51 Chemistry
36:05 Hand Cart
35:50 Town Patrol
36:26 Crop Rotation
38:37 Two-Man Saw
38:03 Arquebus
38:08 Circumnavigation
39:06 Fortified Wall
38:55 Guard Tower
38:46 Sappers
39:37 Conscription
42:53 Light Cavalry
43:44 Bloodlines
43:35 Husbandry
43:56 Forging
43:47 Scale Mail Armor
43:52 Scale Barding Armor
43:48 Padded Archer Armor
43:38 Fletching
45:55 Masonry
45:28 Treadmill Crane
45:58 Murder Holes
51:01 Architecture
51:01 Bombard Tower
51:19 Keep
51:09 Siege Engineers
51:55 Pikeman
52:26 Gambesons
52:02 Long Swordsman
53:01 Elite Skirmisher
53:49 Thumb Ring
53:07 Crossbowman
58:08 Iron Casting
57:54 Chain Barding Armor
57:49 Chain Mail Armor
57:50 Leather Archer Armor
57:30 Bodkin Arrow
58:04 Two-Handed Swordsman
58:05 Halberdier
62:07 Blast Furnace
61:38 Plate Mail Armor
61:43 Plate Barding Armor
61:09 Bracer
61:40 Ring Archer Armor
70:28 Champion
Connection lost

Rejoining the realm…

Still unreachable

The connection could not be restored.

Session expired

The server has moved on; the page needs a fresh start.